 Dungeon Crawl Stone Soup version 0.32-a0-928-g1cae6b7ea0 (webtiles) character file.

Game seed: 18117167188432700323

392 Graveyardigan the Chopper (level 6, -1/48 HPs)
             Began as a Coglin Berserker on Apr 12, 2024.
             Was a Believer of Trog.
             Slain by an iguana (11 damage)
             ... on level 4 of the Dungeon.
             The game lasted 00:10:06 (2738 turns).

Graveyardigan the Chopper (Coglin Berserker)        Turns: 2738, Time: 00:10:07

Health: -1/48      AC:  7    Str: 20    XL:     6   Next: 81%
Magic:  6/6        EV: 10    Int:  6    God:    Trog [**....]
Gold:   154        SH:  0    Dex: 13    Spells: 5/5 levels left

rFire   . . .        a - +0 hand axe {Salvador}
rCold   . . .        m - +0 hand axe {Fikile}
rNeg    . . .        d - +0 ring mail
rPois   .            n - +0 helmet
rElec   .            (no cloak)
rCorr   .            (no gloves)
SInv    .            q - +0 pair of boots
Will    ++...        (amulet unavailable)
Stlth   +            (ring unavailable)
HPRegen 1.28/turn    (ring unavailable)
MPRegen 0.10/turn    (no gizmo)

%: no passive effects
@: strong-willed, regenerating, revved
A: off-hand wielding, slow wielding, warmup strikes, no jewellery
a: Invent Gizmo, Renounce Religion, Berserk, Trog's Hand


You were on level 4 of the Dungeon.
You worshipped Trog.
Trog was pleased with you.
You visited 1 branch of the dungeon, and saw 4 of its levels.

You collected 154 gold pieces.

Inventory:

Hand Weapons
 a - a +0 hand axe (weapon) {Salvador}
 m - a +0 hand axe (offhand) {Fikile}
Missiles
 e - 14 stones (quivered)
Armour
 d - a +0 ring mail (worn)
 n - a +0 helmet (worn)
 q - a +0 pair of boots (worn)
Scrolls
 b - 3 scrolls of fear
 h - a scroll of blinking
 i - a scroll of vulnerability
 j - a scroll of silence
 o - a scroll of enchant armour {unknown}
 s - a scroll of enchant weapon {unknown}
Potions
 c - a potion of enlightenment {unknown}
 f - a potion of heal wounds {unknown}
 g - 2 potions of might {unknown}
 k - 2 potions of lignification {unknown}
 l - a potion of mutation {unknown}
 p - a potion of degeneration {unknown}
 r - a potion of haste {unknown}


   Skills:
 + Level 4.1 Fighting
 * Level 6.1 Axes
 + Level 2.7 Armour
 + Level 2.2 Dodging


You had 5 spell levels left.
You didn't know any spells.
Your spell library was empty.

Dungeon Overview and Level Annotations

Branches:
Dungeon (4/15)
 Temple: D:4-7

Altars:
Elyvilon
Hepliaklqana

Shops:
D:1 :


Innate Abilities, Weirdness & Mutations

You can wield a second weapon in your off-hand.
It takes a long time for you to wield or remove held weapons.
Your first few attacks do less damage.
You cannot equip rings or amulets.


Message History

You hit the iguana but do no damage. The iguana bites you!
You barely miss the iguana with your +0 hand axe.
The iguana is moderately wounded.
You closely miss the iguana with your +0 hand axe.
The iguana bites you but does no damage.
You hit the iguana but do no damage.
The iguana is moderately wounded.
You barely miss the iguana with your +0 hand axe.
The iguana bites you.
You slash the iguana with your +0 hand axe!
The iguana is severely wounded.
You barely miss the iguana with your +0 hand axe.
The iguana bites you!
Okay, then.
Your skin crawls.
You feel strong-willed.
The iguana bites you but does no damage.
You hit the iguana but do no damage.
The iguana is severely wounded.
You barely miss the iguana with your +0 hand axe.
The iguana bites you.
You barely miss the iguana with your +0 hand axe.
The iguana is severely wounded.
You closely miss the iguana with your +0 hand axe.
The iguana hisses menacingly.
The iguana bites you!
* * * LOW HITPOINT WARNING * * *
Unknown command.
You hit the iguana with your +0 hand axe.
The iguana is almost dead.
You completely miss the iguana with your +0 hand axe.
The iguana bites you.
* * * LOW HITPOINT WARNING * * *
Unknown command.
You hit the iguana with your +0 hand axe.
The iguana is almost dead.
You hit the iguana but do no damage.
A hobgoblin comes into view.
The iguana bites you!
You die...

...........######....#.##........
........... #.##.............
........... .###.##>.......
........... .##......#.....
#.......... ..#..##.###....
#.....#.... ........# ##.#.
#...#####.. ####........# #...
#...####..#####...........# ###.
#...............@l.........
.........####..####g#####
.....### #.## .# .....# #.# .
.###.## ####.# .. ## #..# #....#
.. ##.####.#### :.. #.........#
#.........#


You could see an iguana and a hobgoblin.

Vanquished Creatures
  An ogre (D:4)
  A phantom (D:4)
  A hound (D:3)
  A jelly (D:4)
  3 iguanas (D:4)
  An orc wizard (D:3)
  An adder (D:2)
  A ribbon worm (D:4)
  3 dart slugs
  5 orcs (D:3)
  6 endoplasms
  2 giant cockroaches
  A goblin (D:2)
  7 hobgoblins
  4 quokkas
  7 ball pythons
  4 bats
  2 frilled lizards
  A kobold (D:2)
  4 rats
56 creatures vanquished.

Notes
Turn   | Place    | Note
-------+----------+-------------------------------------------
     0 | D:1      | Graveyardigan the Coglin Berserker began the quest for the
                  | Orb.
     0 | D:1      | Reached XP level 1. HP: 18/18 MP: 1/1
   157 | D:1      | Found Zouhu's Book Shop.
   347 | D:1      | Reached XP level 2. HP: 24/24 MP: 2/2
  1049 | D:2      | Reached XP level 3. HP: 29/29 MP: 3/3
  1631 | D:2      | Reached ** piety under Trog
  1778 | D:3      | Found a hazy altar of Hepliaklqana.
  1778 | D:3      | Found a white marble altar of Elyvilon.
  1875 | D:3      | Reached XP level 4. HP: 34/37 MP: 4/4
  1927 | D:3      | Reached skill level 4 in Axes
  2274 | D:4      | Reached XP level 5. HP: 42/42 MP: 5/5
  2281 | D:4      | Noticed a phantom
  2289 | D:4      | Killed a phantom
  2290 | D:4      | Reached skill level 5 in Axes
  2308 | D:4      | Reached XP level 6. HP: 34/48 MP: 6/6
  2591 | D:4      | Reached skill level 6 in Axes
  2738 | D:4      | Slain by an iguana

Illustrated notes

Levels and vault maps discovered:
D:1:      scummos_arrival_hexagon, layout_loops_corners, serial_shops,
          nicolae_book_shop_shelving, minmay_misc_feat_room
D:2:      layout_basic, grunt_decor_resistance
D:3:      layout_basic, jmf_multi_god_temple
D:4:      layout_rooms, chequers_serial_rivers_micro_c,
          hangedman_abyss_or_decor_passed

Skill      XL: |  1  2  3  4  5  6 |
---------------+-------------------+-----
Armour         | 2 |  2.7
Dodging        | 2 |  2.2
Axes           | 4 5 6 |  6.1
Fighting       | 4 |  4.1

Action                     |  1- 3 |  4- 6 || total
---------------------------+-------+-------++-------
  Melee: Dagger            |    21 |       ||    21
         Hand axe          |    85 |   109 ||   194
         Falchion          |    12 |       ||    12
  Throw: Stone             |       |     4 ||     4
 Invoke: Trog's Hand       |     1 |     1 ||     2
         Berserk           |       |     3 ||     3
    Use: Scroll            |     3 |     1 ||     4
 Armour: Animal skin       |     3 |       ||     3
         Ring mail         |    35 |    35 ||    70
  Dodge: Dodged            |    28 |    22 ||    50

Table legend: (Time is in decaauts)
 A = Elapsed time spent in this place.
 B = Non-inter-level travel time spent in this place.
 C = Inter-level travel time spent in this place.
 D = Time resting spent in this place.
 E = Time spent auto-exploring this place.
 F = Levels seen in this place.
 G = Mean time per level.
                   A        B        C        D        E       F      G
               +--------+--------+--------+--------+--------+-----+--------+
         Total |   2775 |   2660 |    115 |    174 |   2019 |   4 |  693.8 |
       Dungeon |   2775 |   2660 |    115 |    174 |   2019 |   4 |  693.8 |
               +--------+--------+--------+--------+--------+-----+--------+

Top non-repeatable levels by time:
     D:1: 913 daAuts
     D:2: 794 daAuts
     D:3: 552 daAuts
     D:4: 515 daAuts
